 Dungeon Crawl Stone Soup version 0.31-a0-542-gdc2a67831c (webtiles) character file.

Game seed: 6537503270022503359

1169 Arcadio the Sneak (level 8, -4/64 HPs)
             Began as a Formicid Hunter on Aug 14, 2023.
             Was a Believer of Cheibriados.
             Slain by Menkaure (20 damage)
             ... on level 6 of the Dungeon.
             The game lasted 00:15:53 (3931 turns).

Arcadio the Sneak (Formicid Hunter)                 Turns: 3931, Time: 00:15:53

Health: -4/64      AC:  5    Str: 20    XL:     8   Next: 68%
Magic:  8/8        EV: 16    Int: 15    God:    Cheibriados [**....]
Gold:   160        SH:  0    Dex: 30    Spells: 7/7 levels left

rFire   . . .        b - +2 flail (holy)
rCold   . . .        (no shield)
rNeg    . . .        c - +0 leather armour
rPois   +            (helmet unavailable)
rElec   .            (no cloak)
rCorr   .            h - +0 pair of gloves
SInv    +            f - +0 pair of boots
Will    .....        x - amulet of regeneration
Stlth   ++++         D - +6 ring of dexterity
HPRegen 1.10/turn    e - ring of poison resistance
MPRegen 0.11/turn

%: no passive effects
@: very slow
A: permanent stasis, dig shafts and tunnels, antennae 3, four strong arms
a: Dig, Shaft Self, Renounce Religion, Bend Time


You were on level 6 of the Dungeon.
You worshipped Cheibriados.
Cheibriados was pleased with you.
You visited 2 branches of the dungeon, and saw 7 of its levels.

You collected 301 gold pieces.
You spent 141 gold pieces at shops.

Inventory:

Hand Weapons
 a - a +0 shortbow
 b - a +2 flail of holy wrath (weapon)
 p - a +0 dagger
 u - a +0 mace
Missiles
 B - a throwing net
Armour
 c - a +0 leather armour (worn)
 f - a +0 pair of boots (worn)
 h - a +0 pair of gloves (worn)
 E - a +0 kite shield
Jewellery
 d - a ring of resist corrosion
 e - a ring of poison resistance (right hand)
 v - a ring of ice
 x - an amulet of regeneration (around neck)
 A - a ring of protection from fire
 D - a +6 ring of dexterity (left hand)
Wands
 C - a wand of paralysis (8)
Scrolls
 g - a scroll of butterflies
 m - a scroll of enchant armour
 q - a scroll of enchant weapon
 s - a scroll of blinking {unknown}
 w - a scroll of noise {unknown}
 y - a scroll of fog {unknown}
 z - a scroll of immolation {unknown}
Potions
 i - 2 potions of enlightenment
 j - 4 potions of curing
 k - 2 potions of heal wounds
 o - a potion of might


   Skills:
 + Level 5.7 Fighting
 + Level 6.3 Ranged Weapons
 + Level 4.7 Dodging
 + Level 6.3 Stealth


You had 7 spell levels left.
You didn't know any spells.
Your spell library contained the following spells:

 Spells                   Type           Power      Damage    Failure   Level
 Sandblast                Erth           0%         2d4       32%         1
 Passwall                 Tmut/Erth      0%         N/A       43%         2
 Inner Flame              Hex/Fire       0%         N/A       67%         3
 Stone Arrow              Conj/Erth      0%         3d7       67%         3
 Flame Wave               Conj/Fire      0%         2d4       97%         4
 Sticky Flame             Conj/Fire      0%         2d3       97%         4
 Fireball                 Conj/Fire      0%         3d3       100%        5
 Iskenderun's Battlesphe  Conj           0%         2d6       100%        5
 Conjure Ball Lightning   Conj/Air       0%         3x3d6     100%        6
 Orb of Destruction       Conj           0%         9d5       100%        7


Dungeon Overview and Level Annotations

Branches:
Dungeon (6/15) Zot: 40393  Temple (1/1) D:4 Zot: 8998

Altars:
Cheibriados
Dithmenos
Fedhas
Makhleb
Nemelex Xobeh
Okawaru
Qazlal
Vehumet
Yredelemnul
Zin
The Shining One

Shops:
D:5 ?([

Annotations:
D:6 Menkaure


Innate Abilities, Weirdness & Mutations

You cannot be hasted, slowed, berserked, paralysed or teleported.
You can dig through walls and to a lower floor.
You have a pair of large antennae on your head. (SInv)
Your four strong arms can wield two-handed weapons with a shield.


Message History

The howler monkey hoots and howls with incredible vigour!
The orc hits you but does no damage.
You hear a shout!
You sock the orc!
You kill the orc!
Cheibriados appreciates the change of pace.
The howler monkey hoots and howls with incredible vigour!
Menkaure casts a spell.
Menkaure seems to speed up.
You hear a shout! x2; You hear an angry hiss.
You sock the ogre!
The ogre is moderately wounded.
The ogre completely misses you. The howler monkey misses you.
You sock the ogre!
The ogre is severely wounded.
The howler monkey barely misses you. The ogre closely misses you.
The howler monkey hits you.
You hit the ogre.
The ogre is almost dead.
Menkaure's bandages flutter.
The howler monkey closely misses you.
The ogre hits you with a +0 giant club!!
You closely miss the howler monkey.
You punch the howler monkey, but do no damage.
The howler monkey misses you. The ogre misses you.
The howler monkey misses you.
Menkaure calls on the powers of darkness!
The howler monkey convulses!
Your body is wracked with pain!
You closely miss the howler monkey.
The howler monkey is heavily wounded.
The howler monkey hits you but does no damage.
The ogre closely misses you. The howler monkey misses you.
You sock the howler monkey!
You kill the howler monkey!
Cheibriados appreciates the change of pace.
Menkaure barely misses you. The ogre hits you with a +0 giant club!
You hit Menkaure.
Menkaure convulses.
Menkaure is heavily damaged.
Menkaure hits you!!
You die...

..................#
...................
..........(........
...##..#...........
....#.##...........
.........##.......#
..........#......##
.....##M###..###.#.
.)....O@###..##....
.........##.....[.. #..
...................
.......#...............
....#. #......#...##...
...... #..#...#....#...
.....##.....###......#
......#...### ##..## {
#.....# ..#


You could see an ogre and Menkaure (fast).

Vanquished Creatures
  Sigmund (D:4)
  A water moccasin (D:4)
  An ogre (D:5)
  2 phantoms
  A water moccasin zombie (D:5)
  A water moccasin skeleton (D:5)
  A howler monkey (D:6)
  A hound (D:5)
  3 jellies
  An orc priest (D:6)
  A centaur skeleton (D:5)
  4 bullfrog skeletons (D:5)
  An iguana (D:5)
  A killer bee zombie (D:5)
  2 hound zombies (D:5)
  4 gnolls
  A howler monkey skeleton (D:5)
  5 adders
  An adder skeleton (D:5)
  7 dart slugs
  5 orcs
  4 bats
  3 endoplasms
  3 giant cockroaches
  4 goblins (D:4)
  6 hobgoblins
  5 quokkas
  2 ball pythons
  3 frilled lizards
  4 kobolds
  6 rats
85 creatures vanquished.

Notes
Turn   | Place    | Note
-------+----------+-------------------------------------------
     0 | D:1      | Arcadio the Formicid Hunter began the quest for the Orb.
     0 | D:1      | Reached XP level 1. HP: 16/16 MP: 1/1
   187 | D:1      | Reached XP level 2. HP: 23/23 MP: 2/2
   409 | D:1      | Reached XP level 3. HP: 27/27 MP: 3/3
   854 | D:1      | Reached XP level 4. HP: 15/34 MP: 4/4
  1221 | D:3      | Found a snail-covered altar of Cheibriados.
  1230 | D:3      | Became a worshipper of Cheibriados the Contemplative
  1803 | D:3      | Reached XP level 5. HP: 41/41 MP: 5/5
  2092 | D:4      | Reached * piety under Cheibriados
  2190 | D:4      | Noticed Sigmund
  2462 | D:4      | Found a staircase to the Ecumenical Temple.
  2479 | Temple   | Entered the Ecumenical Temple
  2724 | D:4      | Killed Sigmund
  2725 | D:4      | Reached skill level 5 in Ranged Weapons
  2725 | D:4      | Reached XP level 6. HP: 28/48 MP: 6/6
  2910 | D:5      | Entered Level 5 of the Dungeon
  2961 | D:5      | Reached XP level 7. HP: 54/54 MP: 7/7
  3089 | D:5      | Reached skill level 5 in Stealth
  3128 | D:5      | Reached ** piety under Cheibriados
  3276 | D:5      | Found Biasiff's Magic Scroll Emporium.
  3285 | D:5      | Bought a scroll of identify for 26 gold pieces
  3285 | D:5      | Bought a scroll of identify for 26 gold pieces
  3285 | D:5      | Bought a scroll of identify for 26 gold pieces
  3301 | D:5      | Reached XP level 8. HP: 61/61 MP: 8/8
  3318 | D:5      | Found Baissy's Antique Weapon Shop.
  3360 | D:5      | Found Esoat's Armour Shoppe.
  3368 | D:5      | Reached skill level 5 in Fighting
  3479 | D:5      | Bought a +0 pair of boots for 63 gold pieces
  3910 | D:6      | Noticed Menkaure
  3931 | D:6      | Slain by Menkaure

Illustrated notes

Levels and vault maps discovered:
D:1:      minmay_arrival_up_and_down, layout_basic
D:2:      layout_basic
D:3:      layout_loops_corners, overflow_temple_1_default,
          chequers_serial_rivers_room_b, chequers_serial_rivers_micro_a,
          nicolae_twisty_statue_hallways
D:4:      layout_basic, minmay_temple_entry_junction, uniq_sigmund
D:5:      layout_loops_ring, serial_undead, serial_undead_d, serial_undead_e,
          serial_undead_d, serial_undead_a, serial_shops, nicolae_diamond_shop,
          shop, nicolae_shop_pleasant_corner_grove, kennysheep_generic_room_14
D:6:      layout_cave_pools, amethyst_killhole, uniq_menkaure
Temple:   compressed_dpeg_circular_temple

Skill      XL: |  1  2  3  4  5  6  7  8 |
---------------+-------------------------+-----
Dodging        | 2 3 4 |  4.7
Stealth        | 2 4 5 6 |  6.3
Fighting       | 3 4 5 |  5.7
Ranged Weapons | 5 6 |  6.3

Action                     |  1- 3 |  4- 6 |  7- 9 || total
---------------------------+-------+-------+-------++-------
  Melee: Mace              |    12 |       |       ||    12
         Flail             |       |    54 |    80 ||   134
         Punch             |       |     1 |     2 ||     3
   Fire: Shortbow          |    59 |    61 |    34 ||   154
Ability: Dig               |     3 |       |       ||     3
    Use: Scroll            |       |     1 |     8 ||     9
   Stab: Sleeping          |       |     1 |       ||     1
 Armour: Leather armour    |     8 |    11 |    29 ||    48
  Dodge: Dodged            |    16 |    37 |    86 ||   139

Table legend: (Time is in decaauts)
 A = Elapsed time spent in this place.
 B = Non-inter-level travel time spent in this place.
 C = Inter-level travel time spent in this place.
 D = Time resting spent in this place.
 E = Time spent auto-exploring this place.
 F = Levels seen in this place.
 G = Mean time per level.
                   A        B        C        D        E       F      G
               +--------+--------+--------+--------+--------+-----+--------+
         Total |   4780 |   4640 |    140 |    354 |   3305 |   7 |  682.9 |
       Dungeon |   4779 |   4639 |    140 |    354 |   3305 |   6 |  796.5 |
        Temple |      1 |      1 |      0 |      0 |      0 |   1 |    1.0 |
               +--------+--------+--------+--------+--------+-----+--------+

Top non-repeatable levels by time:
     D:4: 1273 daAuts
     D:3: 1124 daAuts
     D:5: 1087 daAuts
     D:1: 632 daAuts
     D:2: 555 daAuts
     D:6: 105 daAuts
  Temple: 1 daAuts
